 Dungeon Crawl Stone Soup version 0.32-a0-666-ge8a88695a4 (webtiles) character file.

Game seed: 4338210565586334444

79 anonymouscript the Magician (level 4, 0/41 HPs)
             Began as an Oni Hedge Wizard on Mar 9, 2024.
             Succumbed to an adder's poison
             ... on level 1 of the Dungeon.
             The game lasted 00:06:57 (2280 turns).

anonymouscript the Magician (Oni Hedge Wizard)      Turns: 2280, Time: 00:06:58

Health: 0/41       AC:  4    Str: 14    XL:     4   Next: 37%
Magic:  8/11       EV:  9    Int: 17    God:
Gold:   59         SH:  0    Dex:  8    Spells: 7/13 levels left

rFire   . . .        a - +0 dagger
rCold   . . .        (no shield)
rNeg    . . .        b - +0 robe
rPois   .            c - +0 hat
rElec   .            i - +0 cloak
rCorr   .            (gloves unavailable)
SInv    .            (boots unavailable)
Will    .....        (no amulet)
Stlth   +            (no ring)
HPRegen 0.26/turn    (no ring)
MPRegen 0.12/turn

%: no passive effects
@: lethally poisoned (0 -> -4), attractive
A: large, unfitting armour, horns 1, tough skin 1, double potion healing,
drunken brawling
a: no special abilities


You were on level 1 of the Dungeon.
You visited 1 branch of the dungeon, and saw 2 of its levels.

You collected 59 gold pieces.

Inventory:

Hand Weapons
 a - a +0 dagger (weapon)
 n - a +1 sling of flaming
Missiles
 f - 12 stones
 q - 2 poisoned darts
Armour
 b - a +0 robe (worn)
 c - a +0 hat (worn)
 i - a +0 cloak (worn)
Jewellery
 j - a ring of protection from fire
 l - a ring of flight
Talismans
 k - a blade talisman
Scrolls
 e - a scroll of noise {unknown}
 g - a scroll of teleportation {unknown}
 h - a scroll of blinking {unknown}
 m - a scroll of immolation {unknown}
 o - a scroll of enchant weapon {unknown}
 p - a scroll of identify {unknown}
Potions
 d - 2 potions of magic
 r - a potion of attraction


   Skills:
 + Level 1.3 Fighting
 + Level 1.9 Dodging
 + Level 1.6 Stealth
 + Level 5.0 Spellcasting
 + Level 1.4 Conjurations
 + Level 0.8 Summonings
 + Level 0.8 Translocations


You had 7 spell levels left.
You knew the following spells:

 Your Spells              Type           Power      Damage    Failure   Level
a - Magic Dart            Conj           36%        1d4       8%          1
b - Slow                  Hex            16%        N/A       14%         1
c - Blink                 Tloc           14%        N/A       16%         2
d - Call Imp              Summ           14%        N/A       16%         2

Your spell library contained the following spells:

 Spells                   Type           Power      Damage    Failure   Level
 Lesser Beckoning         Tloc           14%        N/A       16%         2
 Cigotuvi's Dreadful Rot  Necr/Alch/Air  8%         N/A       22%         2
 Gell's Gravitas          Tloc           7%         N/A       30%         3
 Teleport Other           Tloc           7%         N/A       30%         3
 Mephitic Cloud           Conj/Alch/Air  5%         N/A       34%         3


Dungeon Overview and Level Annotations

Branches:
Dungeon (2/15)

Altars:


Innate Abilities, Weirdness & Mutations

You are too large for most types of armour.
You have a pair of small horns on your head.
You have tough skin. (AC +1)
You gain doubled healing and magic from potions.
Whenever you drink a healing potion, you attack all around you.


Message History

The adder bites you but does no damage.
You closely miss the adder.
The adder is heavily wounded.
The adder bites you but does no damage.
You hit the adder but do no damage.
The adder is heavily wounded.
The adder bites you but does no damage. The adder bites you.
* * * LOW HITPOINT WARNING * * *
You closely miss the adder. You headbutt the adder.
The adder is severely wounded.
The adder bites you but does no damage.
You hit the adder. Your headbutt misses the adder.
The adder is severely wounded.
The adder bites you.
* * * LOW HITPOINT WARNING * * *
Casting: Slow (safe; 14% risk of failure)
Confirm with . or Enter, or press ? or * to list all spells.
Aiming: Magic Dart (safe; 8% risk of failure)
Press: ? - help, Shift-Dir - straight line, f - adder
Aim: an adder (severely wounded, 100% to hit)
The magic dart hits the adder but does no damage.
The adder is severely wounded.
The adder bites you but does no damage.
Casting: Magic Dart (safe; 8% risk of failure)
Confirm with . or Enter, or press ? or * to list all spells.
A tiny devil pulls itself out of the air.
The adder bites you.
* * * LOW HITPOINT WARNING * * *
The adder bites you.
* * * LOW HITPOINT WARNING * * *
You are lethally poisoned!
The adder poisons you!
You swap places.
* * * LOW HITPOINT WARNING * * *
You feel sick.
The adder barely misses your cerulean imp.
Your cerulean imp hits the adder with a -4 spear.
It was a potion of attraction.
You feel attractive to monsters.
You die...

#########..........# #.#
#.......#..........# #..
#..................# #..
######...............########..
#....#.............†..........#
##.#.##........#####'###....###
#.#.##......###...............
#.#.##....#...................
#.#..'....+S5@................
#.####....#...................
#....'....+...................
######....##................##
#........................
###.......[...........###
#....................##
###....................''
#....##................##


You could see an adder (ally target) and a friendly cerulean imp (summoned).

Vanquished Creatures
  3 adders (D:2)
  A dart slug (D:2)
  3 ball pythons
  5 endoplasms
  A giant cockroach (D:1)
  4 goblins (D:2)
  5 hobgoblins
  7 jackals
  4 kobolds
  2 quokkas
  4 bats
  4 frilled lizards
  3 rats
46 creatures vanquished.

Notes
Turn   | Place    | Note
-------+----------+-------------------------------------------
     0 | D:1      | anonymouscript the Oni Hedge Wizard began the quest for the
                  | Orb.
     0 | D:1      | Reached XP level 1. HP: 16/16 MP: 5/5
   110 | D:1      | Reached skill level 4 in Spellcasting
   115 | D:1      | Reached XP level 2. HP: 12/24 MP: 0/7
   382 | D:1      | Learned a level 1 spell: Slow
   385 | D:1      | Learned a level 2 spell: Blink
   828 | D:1      | Reached skill level 1 in Conjurations
   854 | D:1      | Reached XP level 3. HP: 31/31 MP: 1/9
  1300 | D:2      | Learned a level 2 spell: Call Imp
  1898 | D:2      | Reached XP level 4. HP: 40/40 MP: 7/10
  2057 | D:2      | Reached skill level 5 in Spellcasting
  2172 | D:2      | Reached skill level 1 in Fighting
  2279 | D:1      | HP: 1/41 [poisoned by an adder]
  2280 | D:1      | Succumbed to an adder's poison

Illustrated notes

Levels and vault maps discovered:
D:1:      erik_arrival_triangle_small, layout_basic
D:2:      layout_basic, serial_corexii_hall, chequers_hall_statues_wall_a,
          corexii_hall_statues_x, nicolae_twisty_statue_hallways

Skill      XL: |  1  2  3  4 |
---------------+-------------+-----
Spellcasting   | 4 5 |  5.0
Conjurations   | 1 |  1.4
Fighting       | 1 |  1.3
Dodging        | |  1.9
Stealth        | |  1.6
Summonings     | |  0.8
Translocations | |  0.8

Action                     |  1- 3 |  4- 6 || total
---------------------------+-------+-------++-------
  Melee: Dagger            |    65 |    25 ||    90
         Headbutt          |     9 |     3 ||    12
   Cast: Magic Dart        |    96 |    15 ||   111
         Slow              |     2 |     3 ||     5
         Blink             |     2 |       ||     2
         Call Imp          |     1 |     1 ||     2
    Use: Scroll            |     1 |       ||     1
         Potion            |       |     1 ||     1
 Armour: Robe              |    80 |    33 ||   113
  Dodge: Dodged            |    58 |    20 ||    78

Table legend: (Time is in decaauts)
 A = Elapsed time spent in this place.
 B = Non-inter-level travel time spent in this place.
 C = Inter-level travel time spent in this place.
 D = Time resting spent in this place.
 E = Time spent auto-exploring this place.
 F = Levels seen in this place.
 G = Mean time per level.
                   A        B        C        D        E       F      G
               +--------+--------+--------+--------+--------+-----+--------+
         Total |   2280 |   2267 |     13 |    102 |   1714 |   2 | 1140.0 |
       Dungeon |   2280 |   2267 |     13 |    102 |   1714 |   2 | 1140.0 |
               +--------+--------+--------+--------+--------+-----+--------+

Top non-repeatable levels by time:
     D:1: 1220 daAuts
     D:2: 1059 daAuts
